 Dungeon Crawl Stone Soup version 0.21-a0-358-g8928369 (webtiles) character file.

6 Dfrag the Firebug (level 1, 3/13 HPs)
             Began as a Demonspawn Fire Elementalist on Oct 13, 2017.
             Quit the game on level 1 of the Dungeon.
             The game lasted 00:00:29 (127 turns).

Dfrag the Firebug (Demonspawn Fire Elementalist)     Turns: 127, Time: 00:00:30

Health: 3/13       AC:  2    Str:  8    XL:     1   Next: 75%
Magic:  1/3        EV: 12    Int: 16    God:
Gold:   0          SH:  0    Dex: 13    Spells: 3/4 levels left

rFire    . . .     SeeInvis .   i - -3 whip (curse)
rCold    . . .     Gourm    .   (no shield)
rNeg     . . .     Faith    .   a - +0 robe
rPois    .         Spirit   .   (no helmet)
rElec    .         Reflect  .   (no cloak)
rCorr    .         Harm     .   (no gloves)
MR       .....                  (no boots)
Stlth    ++........             (no amulet)
HPRegen  0.04/turn              (no ring)
MPRegen  0.08/turn              (no ring)

@: no status effects
A: no striking features
a: no special abilities


You were on level 1 of the Dungeon.
You were not hungry.

You visited 1 branch of the dungeon, and saw 1 of its levels.

Inventory:

Hand Weapons
 i - a cursed -3 whip (weapon)
Armour
 a - a +0 robe (worn)
Scrolls
 e - a scroll of remove curse {unknown}
 g - a scroll of recharging {unknown}
 h - a scroll of blinking {unknown}
Potions
 d - a potion of haste {unknown}
Books
 b - a book of Flames

   Spells                             Type                      Level
   a - Flame Tongue                   Conjuration/Fire             1
   b - Throw Flame                    Conjuration/Fire             2
   c - Conjure Flame                  Conjuration/Fire             3
   d - Inner Flame                    Hexes/Fire                   3
   e - Sticky Flame                   Conjuration/Fire             4
   f - Fireball                       Conjuration/Fire             5
Comestibles
 c - a bread ration
 f - a chunk of flesh


   Skills:
 - Level 1.7 Dodging
 - Level 1.7 Stealth
 + Level 2.1 Spellcasting
 + Level 1.2 Conjurations
 + Level 2.8 Fire Magic


You had 3 spell levels left.
You knew the following spells:

 Your Spells              Type           Power        Failure   Level  Hunger
a - Flame Tongue          Conj/Fire      #....        9%          1    #......


Dungeon Overview and Level Annotations

Branches:
Dungeon (1/15)

Altars:


Message History

Okay, then.
The bat hits you. The kobold closely misses you.
You see here a glowing whip.
i - a glowing whip The bat misses you.
The kobold hits you with a short sword.
Casting: Flame Tongue
Confirm with . or Enter, or press ? or * to list all spells.
You don't have enough magic to cast that spell.
Unknown command.
It sticks to your hand!
i - a cursed -3 whip (weapon)
The bat hits you but does no damage. The bat barely misses you.
You are too injured to fight recklessly!
You are too injured to fight recklessly!
You hit the kobold but do no damage. The bat hits you but does no damage.
The kobold hits you but does no damage.
You closely miss the kobold. The bat closely misses you.
The kobold hits you with a short sword. The bat hits you.
* * * LOW HITPOINT WARNING * * *
Are you sure you want to abandon this character and quit the game? (Confirm with "yes".)

#. . .. ##.##. . .
##..... .# ##.##.....##.
...#........ ##
#.........#
...#.........# #.#
#......##
#.%##....K@b####
#..#............. ..
#..........#....
..###..#.....#...#.#
.....[.......#.###.#
..#...#....#.#.###.# .#
... #..##.#..........#
.##... #..#..#.##...>..#
.#...#
#....##.##......####....#


You could see a bat and a kobold.

Vanquished Creatures
  A leopard gecko (D:1)
  A bat (D:1)
  A kobold (D:1)
  A frilled lizard (D:1)
  A rat (D:1)
5 creatures vanquished.

Notes
Turn   | Place    | Note
-------+----------+-------------------------------------------
     0 | D:1      | Dfrag the Demonspawn Fire Elementalist began the quest for the Orb.
     0 | D:1      | Reached XP level 1. HP: 13/13 MP: 3/3
   127 | D:1      | Quit the game

Vault maps used:
D:1:      lemuel_arrival_river_bridge, hex_tiny

Action                   || total
-------------------------++-------
Melee: Unarmed           ||     6
       Whip              ||     2
 Cast: Flame Tongue      ||     9
Armor: Robe              ||     7
Dodge: Dodged            ||    16

Table legend:
 A = Spawn XP
 B = Non-spawn XP
 C = Spawn XP percentage of total XP
 D = Spawn monster count
 E = Non-spawn monster count
 F = Spawn count percentage of total count
 G = Total turns spent on level
                    A         B        C        D         E        F      G
               +---------+---------+-------+---------+---------+-------+---------
         Total |       0 |       9 |   0.0 |       0 |       5 |   0.0 |   127
               +---------+---------+-------+---------+---------+-------+---------
           D:1 |       0 |       9 |   0.0 |       0 |       5 |   0.0 |   127
               +---------+---------+-------+---------+---------+-------+---------
